 Dungeon Crawl Stone Soup version 0.29.1-1-gd02db6906a (webtiles) character file.

Game seed: 1642121599195884064

70 fireball365 the Digger (level 3, 0/26 HPs)
             Began as a Demigod Earth Elementalist on Oct 5, 2022.
             Slain by Robin
             ... wielding a +0 dagger
              (3 damage)
             ... on level 2 of the Dungeon.
             The game lasted 00:06:25 (1430 turns).

fireball365 the Digger (Demigod Earth Elementalist) Turns: 1430, Time: 00:06:26

Health: 0/26       AC:  3    Str:  9    XL:     3   Next: 77%
Magic:  4/9        EV: 12    Int: 21    God:
Gold:   83         SH:  0    Dex: 14    Spells: 6/7 levels left

rFire   . . .      SeeInvis .   f - +0 short sword
rCold   . . .      Faith    .   (no shield)
rNeg    . . .      Spirit   .   a - +0 robe
rPois   .          Reflect  .   (no helmet)
rElec   .          Harm     .   (no cloak)
rCorr   .          Rampage  .   (no gloves)
Will    .....                   s - +0 pair of boots
Stlth   ++........              r - amulet of the acrobat
HPRegen 0.08/turn               (no ring)
MPRegen 0.11/turn               (no ring)

@: no status effects
A: high MP 1, forlorn, divine attributes
a: no special abilities


You were on level 2 of the Dungeon.
You visited 1 branch of the dungeon, and saw 2 of its levels.

You collected 83 gold pieces.

Inventory:

Hand Weapons
 f - a +0 short sword (weapon)
 l - a +0 sling
 n - a +0 mace
 p - a +0 spear
Missiles
 i - 11 stones
Armour
 a - a +0 robe (worn)
 s - a +0 pair of boots (worn)
Jewellery
 r - an amulet of the acrobat (around neck)
Scrolls
 c - a scroll of brand weapon {unknown}
 e - a scroll of fear {unknown}
 g - a scroll of enchant armour {unknown}
 h - a scroll of poison {unknown}
 j - a scroll of identify {unknown}
 k - a scroll of summoning {unknown}
 q - a scroll of immolation {unknown}
Potions
 b - 2 potions of magic
 d - a potion of lignification {unknown}
 m - a potion of invisibility {unknown}
 o - a potion of flight {unknown}
 t - a potion of haste {unknown}


   Skills:
 + Level 2.1 Dodging
 + Level 2.1 Stealth
 + Level 2.5 Spellcasting
 + Level 0.8 Transmutations
 + Level 3.6 Earth Magic


You had 6 spell levels left.
You knew the following spells:

 Your Spells              Type           Power      Damage    Failure   Level
a - Sandblast             Erth           36%        2d10      3%          1

Your spell library contained the following spells:

 Spells                   Type           Power      Damage    Failure   Level
 Passwall                 Tmut/Erth      10%        N/A       9%          2
 Sting                    Tmut/Pois      16%        1d3       12%         1
 Stone Arrow              Conj/Erth      20%        3d8       21%         3
 Poisonous Vapours        Pois/Air       4%         N/A       22%         2
 Petrify                  Tmut/Erth      12%        N/A       50%         4
 Olgreb's Toxic Radiance  Pois           2%         N/A       80%         4


Dungeon Overview and Level Annotations

Branches:
Dungeon (2/15)

Shops:
D:2 [

Annotations:
D:2 Robin


Innate Abilities, Weirdness & Mutations

You have an increased reservoir of magic. (+10% MP)
You shall have no god before yourself.
Your divine heritage dramatically boosts your attributes as you level up.


Message History

The goblin hits you but does no damage.
You barely miss the goblin. The goblin closely misses you.
The goblin barely misses you.
You barely miss the goblin. The goblin hits you with a +0 club.
* * * LOW HITPOINT WARNING * * *
The goblin hits you with a +0 dagger.
* * * LOW HITPOINT WARNING * * *
You are too injured to fight recklessly!
You hit the goblin.
You kill the goblin!
Robin roars a battlecry!
The goblin closely misses you.
You hear a shout!
Your magical contamination has completely faded away.
You barely miss the goblin. The goblin hits you with a +0 club.
* * * LOW HITPOINT WARNING * * *
The goblin misses you.
You are too injured to fight recklessly!
You hit the goblin.
You kill the goblin!
Robin says, "Duck!"
Robin throws the goblin at you! The goblin closely misses you.
You hit the goblin.
The goblin is severely wounded.
The goblin closely misses you. Robin barely misses you.
The goblin barely misses you.
You hit the goblin.
You kill the goblin!
Robin barely misses you.
You are too injured to fight recklessly!
Casting: Sandblast (safe; 3% risk of failure)
Confirm with . or Enter, or press ? or * to list all spells.
Aiming: Sandblast (safe; 3% risk of failure)
Press: ? - help, Shift-Dir - straight line, f - Robin
Aim: Robin, wielding a +0 dagger, wearing a +0 animal skin and wearing a +2 helmet (87% to hit)
The blast of sand hits Robin!
Robin is heavily wounded.
A goblin comes into view. It is wielding a +0 club.
Robin hits you with a +0 dagger.
You die...

### #.### #...
########.###########
#.........)..)@g...#
#.######.#########g#
#.# #.# #.# #.# #.#
#@# #.# #.#
###.######.#
............
###........


You could see Robin and a goblin (strong).

Vanquished Creatures
  Jessica (D:2)
  An adder (D:2)
  A worm (D:2)
  A ball python (D:1)
  A bat (D:1)
  2 endoplasms
  A giant cockroach (D:1)
  6 goblins
  3 hobgoblins (D:1)
  3 jackals (D:2)
  4 kobolds
  7 rats
31 creatures vanquished.

Vanquished Creatures (others)
  A goblin (D:2)
1 creature vanquished.

Grand Total: 32 creatures vanquished

Notes
Turn   | Place    | Note
-------+----------+-------------------------------------------
     0 | D:1      | fireball365 the Demigod Earth Elementalist began the quest
                  | for the Orb.
     0 | D:1      | Reached XP level 1. HP: 14/14 MP: 5/5
   318 | D:1      | Reached skill level 3 in Earth Magic
   480 | D:1      | Reached XP level 2. HP: 20/20 MP: 4/7
  1115 | D:2      | Found Ithrutac's Jewellery Emporium.
  1323 | D:2      | Found Emidyid's Armour Boutique.
  1358 | D:2      | Reached XP level 3. HP: 14/26 MP: 4/8
  1406 | D:2      | Noticed Jessica
  1417 | D:2      | Killed Jessica
  1417 | D:2      | Noticed Robin
  1430 | D:2      | Slain by Robin

Illustrated notes

Levels and vault maps discovered:
D:1:      dpeg_arrival_arbitrary_a, layout_loops_ring
D:2:      layout_basic, serial_shops, shop, shop_statue,
          nicolae_shop_hallway_plus, nicolae_shop_crystal, basic_altar,
          uniq_robin, uniq_jessica, uniq_terence

Skill      XL: |  1  2 |
---------------+-------+-----
Earth Magic    | 3 |  3.6
Dodging        | 2 |  2.1
Stealth        | 2 |  2.1
Spellcasting   | 2 |  2.5
Transmutations | |  0.8

Action                   || total
-------------------------++-------
Melee: Short sword       ||    19
       Unarmed           ||     3
 Cast: Sandblast         ||    42
Armor: Robe              ||    10
Dodge: Dodged            ||    39
